 Dungeon Crawl Stone Soup version 0.21-a0-58-g625dad4 (webtiles) character file.

29197 Llamajah the Blocker (level 13, -54/106 HPs)
             Began as a Formicid Fighter on June 15, 2017.
             Was the Champion of Okawaru.
             Annihilated by an enormous slime creature (57 damage)
             ... on level 13 of the Dungeon.
             The game lasted 00:52:33 (15630 turns).

Llamajah the Blocker (Formicid Fighter)            Turns: 15630, Time: 00:52:34

Health: -54/106    AC: 18    Str: 25    XL:     13   Next: 79%
Magic:  0/18       EV: 10    Int:  9    God:    Okawaru [******]
Gold:   520        SH: 19    Dex: 10    Spells: 12/12 levels left

rFire    + . .     SeeInvis +   c - +2 great mace (holy)
rCold    . . .     Gourm    .   w - +0 large shield
rNeg     . . .     Faith    .   x - +0 plate armour
rPois    +         Spirit   +   (helmet unavailable)
rElec    .         Reflect  .   (no cloak)
rCorr    .         Harm     .   R - +0 pair of gloves
MR       +....                  h - +0 pair of boots of the Black Moon {rPois rF+}
Stlth    ..........             d - amulet of guardian spirit
HPRegen  0.27/turn              N - ring of poison resistance
MPRegen  0.16/turn              (no ring)

@: studying Spellcasting
A: permanent stasis, dig shafts and tunnels, four strong arms, antennae 3
a: Dig, Shaft Self, Heroism, Finesse, Renounce Religion


You were on level 13 of the Dungeon.
You worshipped Okawaru.
Okawaru was exalted by your worship.
You were very hungry.

You visited 2 branches of the dungeon, and saw 14 of its levels.

You collected 591 gold pieces.
You spent 71 gold pieces at shops.

Inventory:

Hand Weapons
 c - a +2 great mace of holy wrath (weapon)
 y - a +3 flail of protection
 Q - a +3 fustibalus of flaming
 S - a +0 dire flail
 V - a +4 scimitar of flaming
Armour
 h - the +0 pair of boots of the Black Moon (worn) {rPois rF+}
   (Okawaru gifted it to you on level 12 of the Dungeon)

   It protects you from fire.
   It protects you from poison.
 w - a +0 large shield (worn)
 x - a +0 plate armour (worn)
 R - a +0 pair of gloves (worn)
Jewellery
 d - an amulet of guardian spirit (around neck)
 N - a ring of poison resistance (left hand)
Wands
 a - a wand of random effects (30/48)
 j - a wand of scattershot (3/9)
 u - a wand of acid (9/15)
 B - a wand of flame (22/48)
 C - a wand of disintegration (11/24)
 F - a wand of disintegration (11/24)
Scrolls
 e - 4 scrolls of enchant weapon
 i - 10 scrolls of remove curse
 p - 3 scrolls of immolation
 q - 5 scrolls of recharging
 t - 3 scrolls of fog
 v - 2 scrolls of enchant armour {unknown}
 A - 7 scrolls of teleportation {unknown}
 D - 3 scrolls of blinking {unknown}
 E - a scroll of amnesia {unknown}
 H - 3 scrolls of fear
 T - 2 scrolls of magic mapping {unknown}
 W - a scroll of random uselessness {unknown}
 X - 2 scrolls of brand weapon {unknown}
Potions
 k - 2 potions of curing
 l - 2 potions of brilliance
 r - 2 potions of ambrosia
 s - a potion of agility
 z - a potion of lignification
 G - a potion of cancellation
 K - a potion of resistance
 L - 2 potions of mutation
Books
 n - the Compendium of Ensnaring Transmigration
   (You found it on level 12 of the Dungeon)

   Spells                             Type                      Level
   a - Dazzling Spray                 Conjuration/Hexes            3
   b - Spider Form                    Transmutation/Poison         3
   c - Fulminant Prism                Conjuration/Hexes            4
 o - a manual of Spellcasting
 I - Janasoph's Collected Works on Conjuration
   (You found it on level 13 of the Dungeon)

   Spells                             Type                      Level
   a - Static Discharge               Conjuration/Air              3
   b - Mephitic Cloud                 Conjuration/Poison/Air       3
   c - Fulminant Prism                Conjuration/Hexes            4
   d - Bolt of Draining               Conjuration/Necromancy       5
   e - Bolt of Magma                  Conjuration/Fire/Earth       5
Comestibles
 f - 13 bread rations
 g - 3 royal jellies
 m - 10 meat rations
 P - 12 fruits


   Skills:
 + Level 11.0 Fighting
 + Level 9.7 Maces & Flails
 + Level 11.0 Armour
 + Level 10.0 Dodging
 + Level 11.5 Shields
 + Level 7.2 Invocations


You had 12 spell levels left.
You didn't know any spells.

Dungeon Overview and Level Annotations

Branches:
Dungeon (13/15)            Temple (1/1) D:5            Lair (0/6) D:9
    Orc (0/2) D:12
 Vaults: D:13-14

Altars:
Cheibriados
Gozag
Hepliaklqana
Nemelex Xobeh
Okawaru
Trog
Vehumet
Xom
Zin
The Shining One

Shops:
D:8 ?


Innate Abilities, Weirdness & Mutations

You cannot be hasted, slowed, berserked, paralysed or teleported.
You can dig through walls and to a lower floor.
Your four strong arms can wield two-handed weapons with a shield.
You have a pair of large antennae on your head. (SInv)


Message History

You hit the enormous slime creature.
The enormous slime creature is moderately wounded.
You block the enormous slime creature's attack.
The deep elf mage gestures wildly while chanting.
The deep elf mage blinks!
You block the enormous slime creature's attack.
All of the chunks of flesh in your inventory have rotted away.
You bludgeon the enormous slime creature!!
The enormous slime creature is heavily wounded.
You block the enormous slime creature's attack.
The deep elf mage mumbles some strange words.
The deep elf mage blinks!
You sock the enormous slime creature!
The enormous slime creature is heavily wounded.
The enormous slime creature barely misses you.
You hit the enormous slime creature.
The enormous slime creature is heavily wounded.
The enormous slime creature hits you!!!
Ouch! That really hurt!
You die...

#...# #....#P≈≈ #...#
#....##≈≈ #...# #....#
#§ #...# #...## #
.######...# #...# #
.....{....#####...##
.......§...........####
######J.o........{#...
#@#..####......{.≈
###..# #..###..≈≈ #..#
#.. #).≈≈ #..# #..
#....≈ .... ....o{#...
...........h#### ....
...... ....## ....


You could see an enormous slime creature and an orc.

Vanquished Creatures
  Gastronok (D:10)
  A yaktaur captain (D:12)
  Josephine (D:11)
  A hydra (D:11)
  Erica (D:9)
  5 two-headed ogres
  2 tengu warriors (D:13)
  A skeletal warrior (D:12)
  3 unseen horrors
  A cyclops (D:6)
  A manticore (D:10)
  A centaur zombie (D:12)
  A kobold demonologist (D:10)
  A yaktaur (D:12)
  2 komodo dragons
  A troll (D:12)
  2 hornets (D:10)
  2 hippogriffs (D:12)
  A shadow (D:12)
  3 wyverns
  5 wraiths
  A fire elemental (D:11)
  23 yaks
  3 basilisks
  2 hungry ghosts
  Grum (D:9)
  A steam dragon (D:13)
  Edmund (D:4)
  3 wargs (D:11)
  A two-headed ogre zombie (D:12)
  An acid dragon (D:12)
  A water moccasin (D:6)
  3 porcupines (D:9)
  4 phantoms
  8 sky beasts
  4 black bears
  9 orc warriors
  2 ice beasts
  An eye of draining (D:9)
  5 ogres
  5 wolves (D:9)
  5 centaurs
  4 crocodiles
  2 big kobolds
  11 bullfrogs
  A wyvern zombie (D:12)
  2 scorpions
  15 killer bees
  5 wights (D:7)
  A howler monkey (D:6)
  2 electric eels (D:11)
  3 crimson imps
  2 lava snakes (D:11)
  A quasit (D:11)
  4 bullfrog skeletons
  A bullfrog zombie (D:12)
  11 orc priests
  4 centaur skeletons
  11 hounds
  6 iguanas
  21 orc wizards
  7 worker ants
  7 ogre zombies (D:12)
  2 hound zombies
  A hound skeleton (D:4)
  2 worker ant zombies
  12 adders
  4 shadow imps
  An ooze (D:4)
  2 adder skeletons
  3 worms
  5 dart slugs
  8 leopard geckos
  57 orcs
  3 giant cockroaches
  7 goblins
  9 hobgoblins
  17 jackals
  5 quokkas
  2 ball python skeletons
  7 bats
  5 frilled lizards
  3 goblin skeletons (D:12)
  2 goblin zombies (D:12)
  2 hobgoblin skeletons (D:12)
  3 hobgoblin zombies (D:12)
  A jackal skeleton (D:7)
  21 kobolds
  3 orc skeletons (D:12)
  11 orc zombies (D:12)
  A quokka skeleton (D:5)
  8 rats
449 creatures vanquished.

Vanquished Creatures (others)
  2 fungi (D:9)
  6 plants
8 creatures vanquished.

Grand Total: 457 creatures vanquished

Notes
Turn   | Place    | Note
-------+----------+-------------------------------------------
     0 | D:1      | Llamajah the Formicid Fighter began the quest for the Orb.
     0 | D:1      | Reached XP level 1. HP: 18/18 MP: 1/1
    84 | D:1      | Reached XP level 2. HP: 24/24 MP: 2/2
   254 | D:1      | Reached XP level 3. HP: 17/29 MP: 3/3
   558 | D:1      | Reached skill level 1 in Dodging
   747 | D:2      | Reached XP level 4. HP: 35/37 MP: 4/4
  1840 | D:3      | Reached XP level 5. HP: 25/42 MP: 5/5
  2027 | D:3      | You fall through a shaft for 2 floors!
  2027 | D:5      | Entered Level 5 of the Dungeon
  2072 | D:4      | Reached XP level 6. HP: 25/49 MP: 6/6
  3131 | D:4      | Noticed Edmund
  3151 | D:4      | Killed Edmund
  3151 | D:4      | Reached skill level 5 in Shields
  3151 | D:4      | Reached XP level 7. HP: 43/55 MP: 7/7
  3924 | D:5      | Found a staircase to the Ecumenical Temple.
  3962 | Temple   | Entered the Ecumenical Temple
  3982 | Temple   | Became a worshipper of Warmaster Okawaru
  4025 | D:5      | Reached skill level 5 in Fighting
  4274 | D:5      | Found a sparkling altar of Nemelex Xobeh.
  4348 | D:5      | Reached XP level 8. HP: 53/62 MP: 8/8
  5485 | D:6      | Reached skill level 5 in Armour
  5541 | D:6      | Reached * piety under Okawaru
  5547 | D:6      | Noticed a cyclops
  5560 | D:6      | Killed a cyclops
  5560 | D:6      | Reached ** piety under Okawaru
  5560 | D:6      | Reached skill level 5 in Dodging
  5560 | D:6      | Reached XP level 9. HP: 34/69 MP: 9/9
  5767 | D:6      | Reached skill level 5 in Maces & Flails
  6270 | D:7      | Reached *** piety under Okawaru
  6390 | D:7      | Found a glowing silver altar of Zin.
  6691 | D:7      | Reached XP level 10. HP: 46/77 MP: 10/10
  7660 | D:8      | Found Voin's Magic Scroll Boutique.
  7665 | D:8      | Bought a scroll of fear for 45 gold pieces
  7665 | D:8      | Bought a scroll of fog for 26 gold pieces
  8082 | D:8      | Found a shimmering altar of Xom.
  8175 | D:8      | Found a glowing golden altar of the Shining One.
  8192 | D:8      | Found a hazy altar of Hepliaklqana.
  9032 | D:8      | Reached **** piety under Okawaru
  9211 | D:9      | Noticed a two-headed ogre
  9232 | D:9      | Killed a two-headed ogre
  9260 | D:9      | Noticed Grum
  9289 | D:9      | Killed Grum
  9513 | D:9      | Reached ***** piety under Okawaru
  9545 | D:9      | Reached XP level 11. HP: 48/86 MP: 9/11
  9549 | D:9      | Noticed Erica
  9601 | D:9      | Killed Erica
  9611 | D:9      | Received a gift from Okawaru
  9822 | D:9      | Found a staircase to the Lair.
  9964 | D:9      | Reached skill level 1 in Invocations
 10098 | D:9      | Got a shimmering brass amulet
 10099 | D:9      | Identified the amulet "Teck" {Inacc Dex+4} (You found it on level 9 of the Dungeon)
 10245 | D:10     | Entered Level 10 of the Dungeon
 10324 | D:10     | Noticed an unseen horror
 10333 | D:10     | Killed an unseen horror
 10497 | D:10     | Found an opulent altar of Gozag.
 10571 | D:10     | Noticed a manticore
 10598 | D:10     | Killed a manticore
 11075 | D:10     | Noticed Gastronok
 11106 | D:10     | Killed Gastronok
 11106 | D:10     | Reached XP level 12. HP: 46/95 MP: 5/14
 11261 | D:10     | Noticed an unseen horror
 11279 | D:10     | Killed an unseen horror
 11575 | D:11     | Reached skill level 10 in Shields
 11861 | D:11     | Noticed a two-headed ogre
 11861 | D:11     | Noticed Josephine
 11866 | D:11     | Noticed a two-headed ogre
 11921 | D:10     | Noticed a two-headed ogre
 12219 | D:10     | Killed a two-headed ogre
 12356 | D:11     | Killed Josephine
 12513 | D:11     | Noticed a seven-headed hydra
 12534 | D:11     | Killed a seven-headed hydra
 12826 | D:11     | Reached skill level 10 in Armour
 12841 | D:11     | Noticed a two-headed ogre
 12854 | D:11     | Killed a two-headed ogre
 12854 | D:11     | Reached ****** piety under Okawaru
 12854 | D:11     | Reached skill level 10 in Fighting
 12854 | D:11     | Reached skill level 5 in Invocations
 12865 | D:11     | Killed a two-headed ogre
 12865 | D:11     | Received a gift from Okawaru
 13582 | D:12     | Found a sparkling altar of Nemelex Xobeh.
 13597 | D:12     | Reached XP level 13. HP: 93/103 MP: 14/17
 14086 | D:12     | Found a staircase to the Orcish Mines.
 14215 | D:12     | Received a gift from Okawaru
 14259 | D:12     | Noticed a yaktaur captain
 14632 | D:12     | Killed a yaktaur captain
 14817 | D:12     | Received a gift from Okawaru
 14821 | D:12     | Got a pair of steaming boots {god gift}
 14827 | D:12     | Identified the +0 pair of boots of the Black Moon {rPois rF+} (Okawaru gifted it to you on level 12 of the Dungeon)
 14949 | D:12     | Identified the Compendium of Ensnaring Transmigration
 15351 | D:13     | Reached skill level 10 in Dodging
 15368 | D:13     | Identified Janasoph's Collected Works on Conjuration
 15626 | D:13     | HP: 2/106 [enormous slime creature (44)]
 15630 | D:13     | Annihilated by an enormous slime creature

Vault maps used:
D:1:      dpeg_arrival_prison
D:2:      wad_orctagon
D:4:      corexii_shack_village, grunt_ministairs_13, uniq_edmund
D:5:      temple_green, first_bread, nemelex_xobeh_ov_fountains_minmay
D:7:      basic_altar, kennysheep_generic_room_7
D:8:      chequers_temple_overflow_statue_of_worship, basic_altar, serial_shops,
          nicolae_shop_temple_entry_statues_fountains, grunt_ogre_cave
D:9:      minmay_lair_entry_grove, uniq_grum, uniq_erica
D:10:     basic_altar, uniq_gastronok
D:11:     kennysheep_big_empty_room, nooodl_orcs_dogs, uniq_josephine
D:12:     minmay_shrinking_squares, zombieorc2_lemuel, basic_altar,
          kennysheep_generic_room_3
D:13:     minmay_weird_star, david_vaults_1
Temple:   regret_index_temple_chain_breaker

Skill      XL: |  1  2  3  4  5  6  7  8  9 10 11 12 13 |
---------------+----------------------------------------+-----
Dodging        | 1 2 3 4 5 6 7 8 9 10 | 10.0
Shields        | 4 5 6 7 8 9 10 11 | 11.5
Fighting       | 4 5 6 8 9 10 11 | 11.0
Maces & Flails | 3 4 5 6 8 9 |  9.7
Armour         | 4 5 6 7 9 10 11 | 11.0
Invocations    | 3 5 7 |  7.2

Action                   |  1- 3 |  4- 6 |  7- 9 | 10-12 | 13-15 || total
-------------------------+-------+-------+-------+-------+-------++-------
Melee: Flail             |    97 |   221 |   457 |  1009 |   307 ||  2091
       Great mace        |       |       |       |       |   219 ||   219
Invok: Heroism           |       |       |       |     7 |     3 ||    10
       Finesse           |       |       |       |       |     1 ||     1
 Abil: Dig               |       |       |     1 |     4 |     2 ||     7
  Use: Potion            |       |       |     5 |     2 |     1 ||     8
       Scroll            |       |       |       |    12 |       ||    12
  Eat: Chunk             |       |     8 |    12 |    23 |     7 ||    50
       Royal jelly       |       |       |       |     1 |       ||     1
Armor: Scale mail        |    45 |    52 |       |       |       ||    97
       Chain mail        |       |    49 |       |       |       ||    49
       Plate armour      |       |    19 |   253 |   430 |   139 ||   841
Dodge: Dodged            |    28 |    65 |    73 |   248 |   119 ||   533
Block: Shield            |    65 |    84 |       |       |       ||   149
       Large shield      |       |   102 |   460 |  1013 |   467 ||  2042
